AoeStats
← JRazzz

African Clearing

505019583Analyzed
4v4 RM · 25d ago on Sep 7, 2026· 62m 4s· 8 players
Game mode
Random Map
Map size
Large (8 player)
Population
200
Speed
Normal
Resources
Standard
Victory
Conquest
Starting age
Dark Age
Ending age
Imperial Age
RankedLock teamsTeams togetherTeam positionsShared explorationLock speedFull tech treeHidden civsTurbo modeCheats
Victory
Defeat
🇦🇷 Huns · Argentina
1404
+13
🇦🇺 Berbers · Australia
1354
+15
🇵🇪 Cumans · Peru
1336
+16
🇨🇳 Spanish · China
1240
+19
🇵🇱 Georgians · Poland
1348
-17
🇮🇳 Gurjaras · India
1336
-16
🇳🇱 Koreans · Netherlands
1320
-15
🇬🇧 Mongols · United Kingdom
1302
-15
JRazzz
3:04 Loom
11:14 Feudal Age
12:26 Double-Bit Axe
20:35 Castle Age
22:07 Fletching
23:30 Bow Saw
23:35 Bodkin Arrow
23:49 Husbandry
25:59 Bloodlines
27:07 Ballistics
28:00 Thumb Ring
29:04 Padded Archer Armor
30:45 Wheelbarrow
30:00 Horse Collar
34:31 Leather Archer Armor
37:33 Gold Mining
41:25 Imperial Age
41:47 Capped Ram
42:51 Drill
42:36 Bracer
43:41 Chemistry
43:15 Elite Mangudai
43:40 Siege Ram
52:55 Scale Barding Armor
53:00 Forging
54:18 Conscription
54:25 Light Cavalry
55:25 Hussar
Mezsar
9:22 Loom
13:59 Feudal Age
15:59 Wheelbarrow
20:03 Castle Age
18:12 Stone Mining
18:05 Horse Collar
18:51 Gold Mining
19:21 Double-Bit Axe
21:00 Bow Saw
21:29 Town Watch
25:45 Heavy Plow
31:24 Gold Shaft Mining
32:03 Kshatriyas
32:49 Forging
32:44 Scale Barding Armor
33:44 Hand Cart
33:59 Bloodlines
33:51 Husbandry
35:24 Iron Casting
35:14 Chain Barding Armor
38:29 Imperial Age
38:33 Heavy Camel Rider
38:40 Siege Elephant
39:57 Plate Barding Armor
39:23 Padded Archer Armor
39:45 Frontier Guards
39:45 Conscription
40:18 Fletching
41:00 Light Cavalry
43:34 Bodkin Arrow
46:00 Bracer
45:24 Hussar
49:15 Elite Shrivamsha Rider
BuildDisorder [2]
10:32 Loom
13:59 Feudal Age
15:10 Town Watch
17:50 Castle Age
15:53 Double-Bit Axe
18:51 Bow Saw
18:42 Horse Collar
20:16 Gold Mining
20:26 Fletching
21:52 Wheelbarrow
22:16 Scale Barding Armor
27:05 Bodkin Arrow
34:12 Chain Barding Armor
34:34 Murder Holes
35:05 Stone Mining
40:14 Imperial Age
39:14 Ballistics
39:59 Gold Shaft Mining
41:34 Conscription
40:37 Elite War Wagon
53:24 Hand Cart
54:13 Chemistry
53:26 Bracer
53:38 Squires
54:31 Elite Fire Lancer
58:21 Scale Mail Armor
60:04 Chain Mail Armor
59:59 Forging
61:50 Plate Mail Armor
u
10:39 Loom
13:16 Feudal Age
14:06 Town Watch
17:47 Castle Age
16:11 Double-Bit Axe
17:21 Fletching
18:26 Bodkin Arrow
29:10 Horse Collar
31:48 Ballistics
34:03 Padded Archer Armor
37:06 Bow Saw
36:48 Gold Mining
36:59 Heavy Plow
38:55 Wheelbarrow
41:10 Imperial Age
39:06 Bloodlines
39:09 Stone Mining
39:00 Pikeman
40:14 Scale Mail Armor
40:18 Squires
40:34 Guard Tower
41:08 Svan Towers
41:57 Bracer
43:15 Chemistry
43:22 Halberdier
47:43 Conscription
47:04 Heavy Cavalry Archer
55:18 Chain Mail Armor
56:20 Leather Archer Armor
56:40 Husbandry
57:22 Light Cavalry
58:52 Hussar
60:20 Scale Barding Armor
60:34 Hand Cart
61:49 Chain Barding Armor
62:37 Forging
IMPORTAINER S.A @ DaNkoN_ARG
3:04 Loom
13:04 Feudal Age
13:35 Double-Bit Axe
16:35 Fletching
19:23 Padded Archer Armor
22:45 Horse Collar
25:37 Castle Age
26:22 Bodkin Arrow
26:50 Leather Archer Armor
26:04 Crossbowman
28:46 Leather Archer Armor
31:46 Ballistics
39:00 Wheelbarrow
39:02 Bloodlines
42:44 Imperial Age
41:15 Bow Saw
41:24 Hand Cart
41:43 Scale Barding Armor
41:49 Forging
41:06 Pikeman
41:53 Scale Mail Armor
42:46 Halberdier
43:43 Bracer
43:55 Masonry
44:23 Parthian Tactics
44:16 Heavy Cavalry Archer
47:35 Chain Barding Armor
47:45 Elite Skirmisher
49:23 Iron Casting
48:20 Cavalier
49:00 Husbandry
49:36 Plate Barding Armor
58:03 Two-Man Saw
Escala
9:34 Loom
12:41 Feudal Age
14:14 Double-Bit Axe
20:07 Horse Collar
23:14 Wheelbarrow
22:26 Town Watch
28:06 Castle Age
26:04 Stone Mining
26:58 Bloodlines
27:53 Fletching
28:30 Scale Barding Armor
32:09 Gold Mining
32:39 Forging
33:19 Hand Cart
34:43 Chain Barding Armor
38:29 Imperial Age
38:12 Iron Casting
37:53 Bodkin Arrow
40:19 Padded Archer Armor
41:54 Gold Shaft Mining
41:53 Conscription
41:05 Light Cavalry
42:41 Elite Kipchak
45:10 Ballistics
45:50 Chemistry
48:21 Elite Kipchak
49:58 Thumb Ring
56:21 Bow Saw
56:14 Heavy Plow
59:09 Crop Rotation
59:41 Two-Man Saw
DreamStolen
4:14 Loom
14:38 Feudal Age
18:33 Castle Age
16:45 Double-Bit Axe
20:10 Scale Barding Armor
19:50 Horse Collar
26:25 Bloodlines
26:30 Forging
28:46 Wheelbarrow
30:13 Hand Cart
30:21 Chain Barding Armor
30:05 Husbandry
30:47 Town Watch
31:59 Iron Casting
33:19 Light Cavalry
37:25 Imperial Age
35:00 Heavy Plow
35:13 Bow Saw
37:30 Heavy Camel Rider
37:31 Hussar
39:29 Plate Barding Armor
39:36 Crop Rotation
45:38 Blast Furnace
55:40 Gold Mining
57:16 Conscription
我很牛逼
5:33 Loom
14:02 Feudal Age
18:47 Castle Age
16:43 Double-Bit Axe
17:20 Horse Collar
33:42 Bow Saw
33:42 Heavy Plow
34:54 Ballistics
38:44 Imperial Age
39:21 Forging
39:16 Scale Barding Armor
39:22 Forging
39:17 Scale Barding Armor
39:22 Forging
39:17 Scale Barding Armor
39:53 Conscription
39:56 Supremacy
39:14 Light Cavalry
40:04 Bloodlines
41:24 Hoardings
41:10 Hussar
41:51 Husbandry
42:28 Iron Casting
42:13 Chain Barding Armor
42:29 Iron Casting
42:14 Chain Barding Armor
42:29 Iron Casting
42:15 Chain Barding Armor
43:01 Wheelbarrow
42:11 Town Watch
44:01 Chemistry
44:12 Elite Conquistador
47:18 Plate Barding Armor
47:43 Blast Furnace
47:18 Plate Barding Armor
47:44 Blast Furnace
48:02 Cavalier
49:50 Paladin
51:41 Hand Cart
52:27 Caravan
54:21 Fletching
56:14 Gold Mining
56:15 Stone Mining
56:15 Gold Mining
56:15 Stone Mining
Connection lost

Rejoining the realm…

Still unreachable

The connection could not be restored.

Session expired

The server has moved on; the page needs a fresh start.